 Dungeon Crawl Stone Soup version 0.17-a0-1596-g1e86911 (webtiles) character file.

86 urechis the Cudgeler (level 4, -2/48 HPs)
             Began as an Ogre Gladiator on July 31, 2015.
             Slain by an orc wizard
             ... wielding a +0 dagger
              (3 damage)
             ... on level 3 of the Dungeon.
             The game lasted 00:01:55 (1660 turns).

urechis the Cudgeler (Ogre Gladiator)               Turns: 1660, Time: 00:01:55

Health: -2/48      AC:  3    Str: 21    XL:     4   Next: 49%
Magic:  4/4        EV: 10    Int:  7    God:
Gold:   128        SH:  0    Dex: 10    Spells: 0 memorised, 3 levels left

rFire  . . .     SeeInvis .     a - +0 flail
rCold  . . .     Clarity  .     b - +0 robe
rNeg   . . .     SustAt   .     (no shield)
rPois  .         Gourm    .     c - +0 hat
rElec  .         Spirit   .     (no cloak)
rCorr  .         Warding  .     (gloves unavailable)
rMut   .         Stasis   .     (boots unavailable)
MR     .....                    (no amulet)
Stlth  +.........               (no ring)
                                (no ring)

@: not resistant to hostile enchantments, very unstealthy
A: unfitting armour, tough skin 1
a: no special abilities


You were on level 3 of the Dungeon.
You were hungry.

You visited 1 branch of the dungeon, and saw 3 of its levels.

You collected 128 gold pieces.

Inventory:

Hand weapons
 a - a +0 flail (weapon)
Missiles
 d - 3 throwing nets
 j - 5 javelins (quivered)
 p - 4 tomahawks
Armour
 b - a +0 robe (worn)
 c - a +0 hat (worn)
Jewellery
 l - a +5 ring of dexterity {unknown}
 s - an uncursed amulet of guardian spirit {unknown}
Scrolls
 f - a scroll of noise {unknown}
 i - 2 scrolls of teleportation {unknown}
 m - 2 scrolls of identify {unknown}
 q - 2 scrolls of remove curse {unknown}
 r - a scroll of magic mapping {unknown}
 v - a scroll of enchant armour {unknown}
Potions
 g - a potion of heal wounds {unknown}
 h - 3 potions of curing {unknown}
 o - 3 potions of brilliance {unknown}
 u - a potion of agility {unknown}
Comestibles
 e - 2 bread rations
 k - a meat ration
 n - a beef jerky
 t - a slice of pizza


   Skills:
 + Level 4.0 Fighting
 * Level 6.1 Maces & Flails
 - Level 2.1 Throwing
 - Level 2.6 Dodging


You had 3 spell levels left.
You didn't know any spells.

Dungeon Overview and Level Annotations

Branches:
Dungeon (3/15)

Altars:


Innate Abilities, Weirdness & Mutations

You are too large for most types of armour.
You have tough skin (AC +1).


Message History

You barely miss something. Something hits you but does no damage.
You miss something. Something hits you.
You barely miss something. Something hits you. Something hits you.
You miss something. Something hits you but does no damage.
You thump something! Something hits you.
* * * LOW HITPOINT WARNING * * *
You closely miss something. Something hits you but does no damage.
You miss something. Something hits you.
* * * LOW HITPOINT WARNING * * *
You barely miss something.
You hear some strange, mumbled words.
A magic dart appears from out of thin air!
The magic dart hits you!
* * * LOW HITPOINT WARNING * * *
Something hits you.
* * * LOW HITPOINT WARNING * * *
You miss something. Something hits you but does no damage.
Something completely misses you.
You miss something. Something hits you.
You die...

# #..# #.# ##.#.##
....# #.###.###.##
.##..# #.....<#...#
# ... #######..#.#
##.. ##.#.# #.#.#
#.#.# #########.#.#
#@.>........#
#.{#.#######.##
###.###.## #.# ..##
##.# #.# ###.###.##
#.# #..#.## #.#
#.#.## #.#
#.##########[#
#.#####.#..........#


There were no monsters in sight!

Vanquished Creatures
  An iguana (D:3)
  An ooze (D:1)
  A worm (D:3)
  A giant gecko (D:2)
  2 orcs (D:3)
  6 bats
  2 giant cockroaches
  11 goblins
  7 hobgoblins
  5 kobolds
  A quokka (D:2)
  3 giant newts
  3 rats
44 creatures vanquished.

Notes
Turn   | Place    | Note
--------------------------------------------------------------
     0 | D:1      | urechis the Ogre Gladiator began the quest for the Orb.
     0 | D:1      | Reached XP level 1. HP: 22/22 MP: 1/1
   202 | D:1      | Reached XP level 2. HP: 22/31 MP: 2/2
   372 | D:1      | Reached skill level 5 in Maces & Flails
   419 | D:1      | Reached XP level 3. HP: 23/37 MP: 3/3
  1378 | D:3      | Reached skill level 6 in Maces & Flails
  1378 | D:3      | Reached XP level 4. HP: 18/48 MP: 4/4
  1658 | D:3      | HP: 1/48 [something (3)]
  1660 | D:3      | Slain by an orc wizard

Vault maps used:
D:1:      eino_arrival_cavern_a, hex_medium
D:3:      first_bread

Action                   |  1- 3 |  4- 6 || total
-------------------------+-------+-------++-------
Melee: Flail             |   131 |    25 ||   156
 Stab: Sleeping          |     2 |       ||     2
  Eat: Chunk             |     2 |       ||     2
